AoeStats
← ImSoNooB

Arena

504894497Analyzed
4v4 RM · 25d ago on Sep 7, 2026· 43m 47s· 8 players
Game mode
Random Map
Map size
Large (8 player)
Population
200
Speed
Normal
Resources
Standard
Victory
Conquest
Starting age
Dark Age
Ending age
Imperial Age
RankedLock teamsTeams togetherTeam positionsShared explorationLock speedFull tech treeHidden civsTurbo modeCheats
Victory
Defeat
🇬🇧 Italians · United Kingdom
766
+10
🇺🇸 Romans · United States
748
+10
🇮🇹 Chinese · Italy
737
+26
🇺🇸 Spanish · United States
661
+13
🇦🇷 Huns · Argentina
652
-13
🇪🇸 Tupi · Spain
624
-11
🇪🇸 Khmer · Spain
618
-11
🇨🇦 Bengalis · Canada
570
-9
SpocksGlock
2:21 Loom
14:12 Feudal Age
15:30 Double-Bit Axe
15:27 Horse Collar
19:14 Castle Age
20:28 Bow Saw
20:27 Heavy Plow
23:20 Husbandry
23:30 Bloodlines
22:49 Pikeman
23:30 Squires
25:59 Murder Holes
28:02 Wheelbarrow
28:16 Fortified Wall
33:00 Imperial Age
31:52 Scale Barding Armor
31:58 Forging
31:39 Fletching
31:51 Padded Archer Armor
34:42 Cavalier
36:09 Conscription
36:12 Chain Barding Armor
36:29 Iron Casting
37:32 Two-Man Saw
38:25 Hand Cart
37:56 Town Watch
37:40 Paladin
40:17 Plate Barding Armor
40:43 Blast Furnace
40:42 Town Patrol
TWC-PrimalInside
0:36 Loom
12:42 Feudal Age
13:53 Horse Collar
14:02 Double-Bit Axe
15:14 Wheelbarrow
14:53 Stone Mining
18:19 Gold Mining
22:37 Castle Age
20:50 Fletching
21:21 Padded Archer Armor
23:43 Thumb Ring
23:43 Bodkin Arrow
24:06 Leather Archer Armor
24:28 Bow Saw
25:45 Stone Shaft Mining
25:19 Heavy Plow
27:35 Hand Cart
29:22 Ballistics
28:43 Treadmill Crane
29:14 Masonry
36:10 Imperial Age
37:16 Conscription
37:07 Pirotechnia
38:04 Chemistry
38:11 Two-Man Saw
37:45 Crop Rotation
38:46 Ring Archer Armor
38:18 Bracer
38:58 Architecture
40:07 Hoardings
39:51 Fortified Wall
steve
1:19 Loom
12:04 Feudal Age
12:28 Horse Collar
15:09 Wheelbarrow
15:50 Gold Mining
16:07 Double-Bit Axe
23:37 Castle Age
25:24 Hand Cart
28:10 Forging
30:27 Iron Casting
29:26 Pikeman
29:30 Man-at-Arms
30:10 Squires
31:01 Gold Shaft Mining
30:22 Stone Mining
34:07 Imperial Age
31:50 Husbandry
33:31 Bow Saw
34:44 Long Swordsman
34:44 Halberdier
36:30 Blast Furnace
35:34 Scale Mail Armor
35:40 Scale Barding Armor
39:34 Chain Mail Armor
1571431446ly
1:45 Loom
10:56 Feudal Age
11:25 Double-Bit Axe
11:22 Horse Collar
12:25 Wheelbarrow
13:06 Town Watch
15:17 Gold Mining
21:27 Castle Age
19:29 Stone Mining
19:09 Man-at-Arms
22:13 Heavy Plow
22:35 Bow Saw
24:22 Gold Shaft Mining
24:39 Crossbowman
26:24 Fletching
26:00 Long Swordsman
28:07 Stone Shaft Mining
28:59 Hand Cart
31:54 Masonry
32:54 Murder Holes
33:05 Padded Archer Armor
33:03 Bodkin Arrow
33:40 Thumb Ring
34:15 Town Patrol
37:23 Forging
37:19 Scale Barding Armor
38:26 Pikeman
39:07 Squires
42:11 Husbandry
44:53 Imperial Age
42:57 Ballistics
42:28 Heated Shot
42:49 Fortified Wall
42:29 Guard Tower
43:21 Iron Casting
42:47 Scale Mail Armor
43:23 Great Wall
ImSoNooB
0:33 Loom
11:23 Feudal Age
13:18 Wheelbarrow
12:31 Town Watch
13:44 Horse Collar
13:57 Double-Bit Axe
15:18 Gold Mining
15:19 Stone Mining
24:08 Castle Age
24:40 Crossbowman
24:40 Elite Skirmisher
24:44 Pikeman
25:25 Squires
25:10 Arson
25:58 Hand Cart
25:44 Town Patrol
31:17 Heavy Plow
32:53 Paiks
Sara
12:55 Feudal Age
13:23 Horse Collar
13:29 Double-Bit Axe
13:37 Gold Mining
15:34 Wheelbarrow
19:41 Bloodlines
19:57 Scale Barding Armor
20:02 Forging
27:50 Castle Age
28:12 Scale Mail Armor
28:14 Padded Archer Armor
28:05 Fletching
28:10 Light Cavalry
28:51 Husbandry
29:14 Chain Barding Armor
29:30 Iron Casting
29:15 Hand Cart
29:02 Heavy Plow
29:15 Bow Saw
29:24 Stone Mining
30:11 Gold Shaft Mining
30:26 Chain Mail Armor
Destroier
2:52 Loom
12:35 Feudal Age
13:03 Double-Bit Axe
13:31 Horse Collar
13:43 Gold Mining
13:53 Stone Mining
16:08 Wheelbarrow
23:04 Castle Age
21:08 Arson
24:10 Squires
23:31 Pikeman
23:35 Elite Skirmisher
24:39 Hand Cart
24:18 Champi Runner
25:20 Heavy Plow
28:54 Fletching
32:58 Bow Saw
32:39 Champi Warrior
38:28 Imperial Age
37:53 Bodkin Arrow
37:59 Padded Archer Armor
39:36 Curare
39:52 Conscription
39:30 Capped Ram
41:12 Gold Shaft Mining
Milli
11:44 Feudal Age
10:00 Loom
13:12 Double-Bit Axe
13:12 Horse Collar
19:31 Castle Age
18:05 Gold Mining
18:07 Stone Mining
Connection lost

Rejoining the realm…

Still unreachable

The connection could not be restored.

Session expired

The server has moved on; the page needs a fresh start.